 Dungeon Crawl Stone Soup version 0.29.0-5-ge4962eb29e (webtiles) character file.

Game seed: 7791697797375600950

8556 Flugkiller the Cleaver (level 11, -6/99 HPs)
             Began as a Minotaur Fighter on Aug 28, 2022.
             Was an Elder of Cheibriados.
             Mangled by a troll (8 damage)
             ... on level 9 of the Dungeon.
             The game lasted 00:04:25 (10241 turns).

Flugkiller the Cleaver (Minotaur Fighter)          Turns: 10241, Time: 00:04:25

Health: -6/99      AC: 17    Str: 37    XL:     11   Next: 11%
Magic:  14/14      EV: 12    Int: 14    God:    Cheibriados [****..]
Gold:   512        SH:  6    Dex: 22    Spells: 10/10 levels left

rFire   . . .      SeeInvis .   a - +1 war axe
rCold   . . .      Faith    .   c - +0 buckler
rNeg    . . .      Spirit   .   p - +0 plate armour
rPois   +          Reflect  .   (helmet restricted)
rElec   .          Harm     .   C - +0 cloak {rCorr}
rCorr   +          Rampage  .   (no gloves)
Will    .....                   w - +0 pair of boots
Stlth   ..........              (no amulet)
HPRegen 0.26/turn               o - ring of poison resistance
MPRegen 0.14/turn               l - +6 ring of strength

@: mighty, very slow
A: horns 2, retaliatory headbutt
a: Renounce Religion, Bend Time, Temporal Distortion, Slouch


You were on level 9 of the Dungeon.
You worshipped Cheibriados.
Cheibriados was greatly pleased with you.
You visited 2 branches of the dungeon, and saw 10 of its levels.

You collected 512 gold pieces.

Inventory:

Hand Weapons
 a - a +1 war axe (weapon)
 r - a +1 falchion of flaming
   (You found it on level 8 of the Dungeon)
Missiles
 f - a throwing net (quivered)
 k - 9 boomerangs
Armour
 b - a +0 scale mail
 c - a +0 buckler (worn)
 h - a +0 hat
   (You found it on level 1 of the Dungeon)
 p - a +0 plate armour (worn)
   (You found it on level 3 of the Dungeon)
 w - a +0 pair of boots (worn)
   (You found it on level 8 of the Dungeon)
 C - a +0 cloak of preservation (worn)
   (You took it off Crazy Yiuf on level 2 of the Dungeon)
Jewellery
 l - a +6 ring of strength (right hand)
   (You found it on level 4 of the Dungeon)
 o - a ring of poison resistance (left hand)
   (You took it off a gnoll on level 2 of the Dungeon)
Scrolls
 i - 3 scrolls of silence
 j - 2 scrolls of brand weapon
 s - 2 scrolls of enchant weapon
 t - 6 scrolls of teleportation
 v - 2 scrolls of fog
 x - 3 scrolls of immolation
 z - a scroll of blinking
Potions
 e - 3 potions of heal wounds {unknown}
 g - 2 potions of haste {unknown}
 m - 3 potions of cancellation {unknown}
 n - a potion of brilliance {unknown}
 q - 2 potions of curing
 u - 3 potions of degeneration {unknown}
 A - 3 potions of attraction {unknown}
 B - a potion of resistance {unknown}


   Skills:
 + Level 9.9 Fighting
 * Level 13.2 Axes
 + Level 10.0 Armour
 + Level 5.6 Dodging
 - Level 3.6 Shields
 + Level 5.5 Invocations


You had 10 spell levels left.
You didn't know any spells.
Your spell library was empty.

Dungeon Overview and Level Annotations

Branches:
Dungeon (9/15)             Temple (1/1) D:5
   Lair: D:8-11         Orc: D:9-12

Altars:
Ashenzari
Cheibriados
Dithmenos
Elyvilon
Fedhas
Gozag
Hepliaklqana
Kikubaaqudgha
Makhleb
Nemelex Xobeh
Okawaru
Qazlal
Ru
Sif Muna
Trog
Uskayaw
Vehumet
Wu Jian
Xom
Yredelemnul
Zin
The Shining One

Shops:
D:2 :   D:5 (

Annotations:
D:6 2 runed translucent doors, Noname's ghost, novice MiHu
D:8 2 transporters, sausages's ghost, novice DECj


Innate Abilities, Weirdness & Mutations

You have a pair of horns on your head.
You reflexively headbutt those who attack you in melee.


Message History

The kobold demonologist mumbles some strange words.
You have reached level 11!
You closely miss the kobold demonologist.
The kobold demonologist is moderately wounded.
You hit the hellwing but do no damage.
You hit the chaos spawn but do no damage.
The hellwing hits you! The hellwing closely misses you.
The kobold demonologist barely misses you.
You hit the kobold demonologist. You headbutt the kobold demonologist!
The kobold demonologist is heavily wounded.
You hit the hellwing but do no damage. You closely miss the chaos spawn.
The chaos spawn gores you but does no damage.
The hellwing closely misses you. The hellwing hits you.
You hit the kobold demonologist. You headbutt the kobold demonologist!
You kill the kobold demonologist!
Cheibriados appreciates the change of pace.
The chaos spawn degenerates into a cloud of primal chaos!
The hellwing disappears in a puff of smoke!
The white imp disappears in a puff of smoke!
No target in view!
Items here: ) [[ †.
No target in view!
You start resting.
Magic restored.
HP restored.
You open the door.
There is an open door here.
A howler monkey comes into view.
Found a smoky purple potion and a glowing orb.
The howler monkey howls!
You hear a shout!
A deep elf pyromancer comes into view. It is wielding a +0 rapier.
A two-headed ogre comes into view. It is wielding two +0 giant clubs.
You hear a shout!
There are monsters nearby!
There are monsters nearby!
There are monsters nearby!
Found a scroll of identify and 24 gold pieces.
You hear a shout!
The howler monkey hoots and howls with incredible vigour!
A skeletal warrior and a troll come into view.
Found a scale mail.
The deep elf pyromancer casts a spell.
The deep elf pyromancer blinks!
A troll comes into view.
The howler monkey hoots and howls with incredible vigour!
The skeletal warrior moves out of view.
The troll shouts!
The howler monkey hits you but does no damage.
The two-headed ogre hits you with a +0 giant club!!
You block the two-headed ogre's attack. You block the howler monkey's attack.
The troll bites you. The troll claws you but does no damage.
The troll claws you!
You feel very mighty all of a sudden.
The two-headed ogre closely misses you. x2
You block the howler monkey's attack.
The deep elf pyromancer casts a spell.
The deep elf pyromancer blinks!
The troll bites you. The troll closely misses you.
The troll claws you but does no damage.
You slice the two-headed ogre!! You headbutt the two-headed ogre.
The two-headed ogre is heavily wounded.
You slice the howler monkey!!
You kill the howler monkey!
Cheibriados thoroughly appreciates the change of pace.
You slash the troll!
The two-headed ogre hits you with a +0 giant club!!
The two-headed ogre barely misses you. The troll barely misses you. x2
The troll completely misses you.
You slice the two-headed ogre!! You headbutt the two-headed ogre.
You kill the two-headed ogre!
Cheibriados appreciates the change of pace.
You barely miss the troll. You slash the skeletal warrior!
Your Armour skill increases to level 10!
You barely miss the skeletal warrior.
Your headbutt misses the skeletal warrior.
The skeletal warrior is lightly damaged.
You slash the troll!
The deep elf pyromancer gestures wildly while chanting.
The deep elf pyromancer blinks!
The troll bites you but does no damage. The troll barely misses you.
The troll completely misses you.
The skeletal warrior hits you with a +0 scimitar.
You hit the skeletal warrior but do no damage.
Your headbutt misses the skeletal warrior.
The skeletal warrior is lightly damaged.
You barely miss the troll. You slash the troll! The troll bites you!
* * * LOW HITPOINT WARNING * * *
You block the troll's attack. The troll claws you!
* * * LOW HITPOINT WARNING * * *
The skeletal warrior barely misses you. The troll closely misses you.
The troll misses you. The troll claws you.
* * * LOW HITPOINT WARNING * * *
You closely miss the troll. You headbutt the troll!
The troll is severely wounded.
You slash the troll! You closely miss the skeletal warrior.
The troll bites you!
* * * LOW HITPOINT WARNING * * *
You block the troll's attack. The troll claws you but does no damage.
The skeletal warrior completely misses you.
The troll barely misses you. The troll claws you but does no damage.
The troll claws you!
You die...

#........# #................#
#........# #................#
#........# #................#
.........####................#
.....................######...
#.............###....# ..
#.†####.......#.###..# ...#
#......##T..### #..#
#......#.T@...###
P.(####.....##.z#.....###
P..P........#...###.....#
.P..P......##..##!###..###
...P.##....#... [?[#...'.###
.PPP..#...##..###$##..##...###
#.P.P.#...#...
#+#...#......###
#.....#...###. #..##..#.....#
#P.......)..###
....#...###))##


You could see a skeletal warrior and 2 trolls.

Vanquished Creatures
  A hydra (D:8)
  Erica (D:8)
  A two-headed ogre (D:9)
  Pikel (D:3)
  A kobold demonologist (D:9)
  2 trolls (D:9)
  A hornet (D:9)
  2 dream sheep (D:8)
  Sigmund (D:3)
  6 yaks
  2 wyverns (D:9)
  Eustachio (D:5)
  Grum (D:8)
  A steam dragon (D:7)
  A water moccasin (D:7)
  3 orc warriors
  An ice beast (D:7)
  A sky beast (D:4)
  3 wolves (D:8)
  2 centaurs
  A phantom (D:5)
  Blork the orc (D:4)
  7 kobold brigands
  2 gnoll sergeants
  2 bullfrogs
  2 scorpions (D:9)
  2 necrophages
  4 wights
  A killer bee (D:9)
  2 howler monkeys
  3 jellies
  4 orc priests
  3 hounds (D:5)
  Crazy Yiuf (D:2)
  3 iguanas
  6 orc wizards
  18 gnolls
  9 adders
  2 white imps
  3 ufetubi
  A worm (D:2)
  4 dart slugs
  20 orcs
  11 endoplasms
  8 giant cockroaches
  8 goblins
  6 hobgoblins
  8 jackals
  9 quokkas
  6 ball pythons
  3 bats
  2 frilled lizards
  25 kobolds
  4 rats
224 creatures vanquished.

Vanquished Creatures (others)
  A fungus (D:9)
  4 plants
5 creatures vanquished.

Grand Total: 229 creatures vanquished

Notes
Turn   | Place    | Note
-------+----------+-------------------------------------------
     0 | D:1      | Flugkiller the Minotaur Fighter began the quest for the
                  | Orb.
     0 | D:1      | Reached XP level 1. HP: 19/19 MP: 0/0
    82 | D:1      | Reached XP level 2. HP: 27/27 MP: 1/1
    91 | D:1      | Reached skill level 3 in Axes
   154 | D:1      | Found a faded altar of an unknown god.
   485 | D:1      | Reached XP level 3. HP: 33/33 MP: 2/2
   676 | D:2      | Reached skill level 4 in Axes
   847 | D:2      | Reached XP level 4. HP: 41/41 MP: 3/3
   918 | D:2      | Found Onubocan's Vocational Training.
  1250 | D:2      | Found a runed translucent door.
  1251 | D:2      | Noticed Crazy Yiuf
  1833 | D:2      | Killed Crazy Yiuf
  1834 | D:2      | Reached XP level 5. HP: 5/47 MP: 4/4
  2172 | D:3      | Reached skill level 5 in Axes
  2442 | D:3      | Reached skill level 5 in Fighting
  2442 | D:3      | Reached skill level 5 in Armour
  2778 | D:3      | Reached XP level 6. HP: 22/56 MP: 5/5
  2990 | D:3      | Noticed Sigmund
  3006 | D:3      | Killed Sigmund
  3007 | D:3      | Reached skill level 6 in Axes
  3226 | D:4      | Noticed Pikel
  3250 | D:3      | Killed Pikel
  3251 | D:3      | Reached skill level 7 in Axes
  3251 | D:3      | Reached XP level 7. HP: 22/64 MP: 6/6
  3502 | D:4      | Reached skill level 8 in Axes
  3545 | D:4      | Reached XP level 8. HP: 64/71 MP: 7/7
  3721 | D:4      | Noticed Blork the orc
  3727 | D:4      | Killed Blork the orc
  4382 | D:5      | Entered Level 5 of the Dungeon
  4428 | D:5      | Found Paskunua's Antique Weapon Boutique.
  4439 | D:5      | Noticed Eustachio
  4471 | D:5      | Killed Eustachio
  4604 | D:5      | Found a staircase to the Ecumenical Temple.
  4627 | D:5      | Reached skill level 9 in Axes
  4632 | Temple   | Entered the Ecumenical Temple
  4798 | D:5      | Found a stormy altar of Qazlal.
  4801 | D:5      | Found a snail-covered altar of Cheibriados.
  4801 | D:5      | Found a glowing golden altar of the Shining One.
  4813 | D:5      | Found an opulent altar of Gozag.
  4816 | D:5      | Became a worshipper of Cheibriados the Contemplative
  5177 | D:5      | Found a shimmering altar of Xom.
  5435 | D:6      | Reached skill level 1 in Invocations
  5915 | D:6      | Found a large runed translucent door.
  5915 | D:6      | Found a large runed translucent door.
  5916 | D:6      | Noticed Noname's ghost (novice MiHu)
  5981 | D:6      | Found an ancient bone altar of Kikubaaqudgha.
  6025 | D:6      | Reached * piety under Cheibriados
  6091 | D:6      | Found an ornate altar of the Wu Jian Council.
  6344 | D:6      | Reached skill level 10 in Axes
  6351 | D:6      | Reached XP level 9. HP: 74/80 MP: 9/9
  6535 | D:7      | Reached skill level 1 in Dodging
  6661 | D:7      | Reached ** piety under Cheibriados
  7445 | D:8      | Found a transporter.
  7475 | D:8      | Found a transporter.
  7480 | D:8      | Noticed sausages's ghost (novice DECj)
  7614 | D:8      | Noticed Grum
  7617 | D:8      | Reached skill level 11 in Axes
  7908 | D:8      | Found a blossoming altar of Fedhas.
  7957 | D:8      | Reached *** piety under Cheibriados
  8054 | D:8      | Noticed a two-headed hydra
  8066 | D:8      | Killed a one-headed hydra
  8067 | D:8      | Reached XP level 10. HP: 23/90 MP: 10/12
  8367 | D:8      | Noticed Erica
  8378 | D:8      | Killed Erica
  8379 | D:8      | Reached skill level 12 in Axes
  8529 | D:8      | Killed Grum
  8784 | D:8      | Found a sparkling altar of Nemelex Xobeh.
  9392 | D:9      | Reached skill level 5 in Invocations
  9450 | D:9      | Reached skill level 5 in Dodging
  9503 | D:9      | Found a broken altar of Ashenzari.
  9547 | D:9      | Found a sacrificial altar of Ru.
  9587 | D:9      | Found an iron altar of Okawaru.
  9650 | D:9      | Identified the +3 shortbow "Ilyt" {vorpal, rC+ Str+8 Int+4
                  | Stlth-}
  9723 | D:9      | Reached **** piety under Cheibriados
 10063 | D:9      | Reached skill level 13 in Axes
 10065 | D:9      | Reached XP level 11. HP: 72/99 MP: 12/14
 10232 | D:9      | Noticed a deep elf pyromancer
 10232 | D:9      | Noticed a two-headed ogre
 10234 | D:9      | Noticed a skeletal warrior
 10238 | D:9      | Killed a two-headed ogre
 10239 | D:9      | Reached skill level 10 in Armour
 10241 | D:9      | HP: 2/99 [troll (8)]
 10241 | D:9      | Mangled by a troll

Illustrated notes

Levels and vault maps discovered:
D:1:      dpeg_arrival_round_c, layout_basic,
          shapermc_ecumenical_altar_mp_highgroup
D:2:      layout_basic, grunt_ministairs_4, serial_bayou_ford_a,
          nicolae_shop_vocational, uniq_crazy_yiuf_cottage
D:3:      layout_loops_ring, uniq_sigmund
D:4:      layout_basic, uniq_pikel, uniq_blork_the_orc
D:5:      layout_basic, chequers_temple_overflow_statue_of_worship,
          nicolae_gozag_seed_capital, kennysheep_mini,
          minmay_temple_entry_ruins, serial_shops, nicolae_shop_hallway_stairs,
          kennysheep_small_circle, uniq_eustachio
D:6:      layout_loops_cross, amcnicky_altar_gilded, lemuel_tele_altar,
          ebering_ghost_disaster_area, portal_sewer_entry_f
D:7:      layout_basic, corexii_checkpoint_b
D:8:      layout_loops_cross, nemelex_diamond_rough_becter,
          general_overflow_altar, gammafunk_ghost_stat_death, hangedman_ranch,
          uniq_grum, uniq_erica
D:9:      minmay_slanted_spiral_squares, layout_small_grid, marbit_many_paths,
          ashenzari_altar_1, okawaru_gym_becter, grunt_lair_entry_orc_guard_hut
Temple:   eino_wide_crystal_templ

Skill      XL: |  1  2  3  4  5  6  7  8  9 10 11 |
---------------+----------------------------------+-----
Axes           | 3 4 5 7 8 10 11 13 | 13.2
Fighting       | 4 5 6 7 8 9 |  9.9
Armour         | 4 5 6 7 9 10 | 10.0
Invocations    | 2 4 5 |  5.5
Dodging        | 3 5 |  5.6
Shields        | |  3.6

Action                   |  1- 3 |  4- 6 |  7- 9 | 10-12 || total
-------------------------+-------+-------+-------+-------++-------
Melee: War axe           |    65 |   154 |   247 |   103 ||   569
       Headbutt          |     6 |    20 |    47 |    30 ||   103
       Falchion          |       |       |     5 |       ||     5
  Use: Potion            |       |     1 |     1 |     1 ||     3
       Scroll            |       |     6 |     7 |       ||    13
Armor: Scale mail        |    32 |    31 |       |       ||    63
       Plate armour      |       |    41 |   152 |    51 ||   244
Dodge: Dodged            |    31 |    58 |    80 |    61 ||   230
Block: Buckler           |    15 |    28 |    63 |    38 ||   144
